 Dungeon Crawl Stone Soup version 0.28.0-53-g5a82cb258f (webtiles) character file.

Game seed: 16087081227228557070

1464361 fictitious the Slayer (level 27, 236/236 HPs)
             Began as a Gnoll Warper on June 17, 2022.
             Was the Champion of Cheibriados.
             Escaped with the Orb
             ... and 3 runes on June 18, 2022!
             The game lasted 07:03:53 (94927 turns).

fictitious the Slayer (Gnoll Warper)               Turns: 94927, Time: 07:03:53

Health: 236/236    AC: 38    Str: 45    XL:     27
Magic:  37/37      EV: 41    Int: 36    God:    Cheibriados [******]
Gold:   2535       SH: 25    Dex: 39    Spells: 5/64 levels left

rFire   + + .      SeeInvis +   a - +9 eveningstar (vorpal)
rCold   + + +      Faith    .   c - +5 kite shield of Warghulau {Dex+3}
rNeg    . . .      Spirit   .   f - +9 ice dragon scales
rPois   +          Reflect  .   J - +2 helmet
rElec   +          Harm     .   Q - +1 cloak of a treasure trove {rPois Str+7 Stlth+}
rCorr   .          Rampage  .   z - +0 pair of gloves of Nice Brilliance {Str+4 Slay+2}
Will    +++..                   g - +2 pair of boots {Fly}
Stlth   +++.......              Y - amulet of magic regeneration
HPRegen 0.49/turn               U - ring of Vief {Will+ EV+4 Str+6 SInv}
MPRegen 0.65/turn               l - ring of Free Will {rElec rPois rF+++ MP-9 Dex+6}

@: flying, studying 2 skills, very slow
A: fangs 1, strong nose, distributed training, cold resistance 1, poison
resistance, devolution 1
0: Orb of Zot
}: 3/15 runes: barnacled, silver, gossamer
a: Renounce Religion, Bend Time, Temporal Distortion, Slouch, Step From Time


You escaped.
You worshipped Cheibriados.
Cheibriados was exalted by your worship.
You visited 10 branches of the dungeon, and saw 49 of its levels.
You also visited: Trove, Ice Cave, Volcano and Wizlab.

You collected 8525 gold pieces.
You spent 5990 gold pieces at shops.

Inventory:

Hand Weapons
 a - a +9 vorpal eveningstar (weapon)
Missiles
 d - 4 boomerangs of dispersal
 i - 8 silver javelins
 y - 10 throwing nets
 C - 13 boomerangs
 G - 5 silver boomerangs (quivered)
 N - 21 javelins
Armour
 c - the +5 kite shield of Warghulau (worn) {Dex+3}
   (You acquired it on level 3 of the Vaults)

   Dex:       It affects your dexterity (+3).
 f - +9 ice dragon scales (worn)
 g - a +2 pair of boots of flying (worn)
 w - a +2 hat of willpower
 z - the +0 pair of gloves of Nice Brilliance (worn) {Str+4 Slay+2}
   (You found it on level 5 of the Vaults)

   Str:       It affects your strength (+4).
   Slay:      It affects your accuracy & damage with ranged weapons and melee
   (+2).
 J - a +2 helmet (worn)
 Q - the +1 cloak of a treasure trove (worn) {rPois Str+7 Stlth+}
   (You found it in a wizard's laboratory)

   Str:       It affects your strength (+7).
   rPois:     It protects you from poison.
   Stlth:     It makes you more stealthy.
Magical Staves
 b - a staff of cold {!a}
Jewellery
 l - the ring of Free Will (right hand) {rElec rPois rF+++ MP-9 Dex+6}
   (You found it on level 2 of the Vaults)

   [ring of dexterity]

   Dex:       It affects your dexterity (+6).
   rF:        It renders you almost immune to fire.
   rElec:     It insulates you from electricity.
   rPois:     It protects you from poison.
   MP:        It affects your magic capacity (-9).
 t - a ring of protection from cold
 M - a ring of resist corrosion
 U - the ring of Vief (left hand) {Will+ EV+4 Str+6 SInv}
   (You bought it in a shop on level 3 of the Shoals)

   [ring of evasion]

   EV:        It affects your evasion (+4).
   Str:       It affects your strength (+6).
   SInv:      It lets you see invisible.
   Will:      It increases your willpower.
 Y - an amulet of magic regeneration (around neck)
 Z - the ring of the Will of the Gods {Fire rElec rPois rCorr Str-5}
   (You found it on level 3 of the Shoals)

   [ring of fire]

   It enhances your fire magic.
   Str:       It affects your strength (-5).
   rF:        It protects you from fire.
   rC:        It makes you vulnerable to cold.
   rElec:     It insulates you from electricity.
   rPois:     It protects you from poison.
   rCorr:     It protects you from acid and corrosion.
Wands
 h - a wand of mindburst (8)
 A - a wand of acid (10)
 B - a wand of iceblast (50)
 I - a wand of digging (24)
Scrolls
 e - 2 scrolls of holy word
 n - 8 scrolls of silence
 o - 7 scrolls of amnesia
 r - a scroll of brand weapon {!r}
 s - 3 scrolls of fog
 u - 15 scrolls of fear
 x - a scroll of noise
 D - a scroll of magic mapping
 R - 29 scrolls of teleportation
 S - 3 scrolls of summoning
 T - 9 scrolls of blinking {!r}
Potions
 j - 3 potions of cancellation
 m - 3 potions of brilliance
 p - 7 potions of mutation {!q}
 F - a potion of resistance
 L - 6 potions of invisibility
 O - 2 potions of might
 P - 21 potions of curing
 V - 10 potions of ambrosia
 X - 6 potions of magic
Miscellaneous
 k - a phantom mirror
 q - a tin of tremorstones (2/2)
 E - a phial of floods
 H - a condenser vane
 K - a box of beasts


   Skills:
 + Level 23.4 Fighting
 + Level 18.8 Short Blades
 + Level 18.8 Long Blades
 + Level 18.8 Axes
 + Level 19.3 Maces & Flails
 + Level 18.8 Polearms
 + Level 18.8 Staves
 + Level 18.8 Slings
 + Level 18.8 Bows
 + Level 18.8 Crossbows
 + Level 19.0 Throwing
 + Level 19.0 Armour
 + Level 19.3 Dodging
 + Level 18.8 Stealth
 + Level 18.8 Shields
 + Level 18.8 Unarmed Combat
 + Level 19.4 Spellcasting
 + Level 16.1 Conjurations
 + Level 16.1 Hexes
 + Level 16.1 Summonings
 + Level 16.1 Necromancy
 + Level 16.9 Translocations
 + Level 16.1 Transmutations
 + Level 16.1 Fire Magic
 + Level 16.1 Ice Magic
 + Level 16.1 Air Magic
 + Level 16.1 Earth Magic
 + Level 16.1 Poison Magic
 + Level 20.4 Invocations
 + Level 20.3 Evocations


You had 5 spell levels left.
You knew the following spells:

 Your Spells              Type           Power      Damage    Failure   Level
a - Poisonous Vapours     Pois/Air       100%       N/A       0%          2
b - Ozocubu's Refrigerat  Ice            50%        4d15      2%          7
c - Ignite Poison         Fire/Tmut/Pois 100%       N/A       0%          3
d - Manifold Assault      Tloc           100%       N/A       1%          5
e - Gell's Gravitas       Tloc           100%       N/A       0%          3
f - Ozocubu's Armour      Ice            100%       N/A       0%          3
g - Irradiate             Conj/Tmut      50%        3d30      1%          5
h - Lee's Rapid Deconstr  Erth           50%        3d25*     1%          5
i - Lesser Beckoning      Tloc           100%       N/A       0%          3
j - Dispersal             Tloc           51%        N/A       1%          6
k - Silence               Hex/Air        50%        N/A       1%          5
l - Portal Projectile     Hex/Tloc       100%       N/A       0%          3
m - Summon Mana Viper     Hex/Summ       100%       N/A       1%          5
x - Sublimation of Blood  Necr           100%       N/A       0%          2
z - Blink                 Tloc           100%       N/A       0%          2

Your spell library contained the following spells:

 Spells                   Type           Power      Damage    Failure   Level
 Animate Skeleton         Necr           100%       N/A       0%          1
 Apportation              Tloc           100%       N/A       0%          1
 Beastly Appendage        Tmut           100%       N/A       0%          1
 Foxfire                  Conj/Fire      100%       2x1d9     0%          1
 Freeze                   Ice            100%       1d11      0%          1
 Magic Dart               Conj           100%       1d8       0%          1
 Pain                     Necr           100%       1d9       0%          1
 Sandblast                Erth           100%       2d20      0%          1
 Shock                    Conj/Air       100%       1d9       0%          1
 Sting                    Tmut/Pois      100%       1d8       0%          1
 Summon Small Mammal      Summ           100%       N/A       0%          1
 Call Imp                 Summ           100%       N/A       0%          2
 Corpse Rot               Necr/Air       100%       N/A       0%          2
 Ensorcelled Hibernation  Hex/Ice        100%       N/A       0%          2
 Passwall                 Tmut/Erth      83%        N/A       0%          2
 Scorch                   Fire           100%       2d10      0%          2
 Static Discharge         Conj/Air       100%       N/A       0%          2
 Wereblood                Tmut           100%       N/A       0%          2
 Call Canine Familiar     Summ           100%       N/A       0%          3
 Conjure Flame            Conj/Fire      100%       6-21      0%          3
 Inner Flame              Hex/Fire       100%       N/A       0%          3
 Mephitic Cloud           Conj/Pois/Air  100%       N/A       0%          3
 Spider Form              Tmut/Pois      100%       N/A       0%          3
 Stone Arrow              Conj/Erth      100%       3d13      0%          3
 Summon Guardian Golem    Hex/Summ       100%       N/A       0%          3
 Swiftness                Air            100%       N/A       0%          3
 Teleport Other           Tloc           100%       N/A       0%          3
 Vampiric Draining        Necr           100%       2d13      0%          3
 Airstrike                Air            50%        N/A       1%          4
 Anguish                  Hex/Necr       50%        N/A       1%          4
 Animate Armour           Summ/Erth      100%       N/A       1%          4
 Cause Fear               Hex            50%        N/A       1%          4
 Dispel Undead            Necr           100%       3d31      1%          4
 Flame Wave               Conj/Fire      100%       2d17      1%          4
 Fulminant Prism          Conj/Hex       50%        3d23      1%          4
 Hailstorm                Conj/Ice       100%       3d20      1%          4
 Ice Form                 Ice/Tmut       100%       N/A       1%          4
 Iskenderun's Mystic Bla  Conj/Tloc      100%       2d19      1%          4
 Leda's Liquefaction      Hex/Erth       50%        N/A       1%          4
 Petrify                  Tmut/Erth      100%       N/A       1%          4
 Sticky Flame             Conj/Fire      100%       2d11      1%          4
 Summon Lightning Spire   Summ/Air       100%       N/A       1%          4
 Agony                    Necr           100%       N/A       1%          5
 Alistair's Intoxication  Tmut/Pois      66%        N/A       1%          5
 Blade Hands              Tmut           50%        N/A       1%          5
 Borgnjor's Vile Clutch   Necr/Erth      50%        N/A       1%          5
 Excruciating Wounds      Necr           50%        N/A       1%          5
 Fireball                 Conj/Fire      50%        3d20      1%          5
 Freezing Cloud           Conj/Ice/Air   50%        6-21      1%          5
 Iskenderun's Battlesphe  Conj           100%       2d15      1%          5
 Lightning Bolt           Conj/Air       50%        1d71      1%          5
 Metabolic Englaciation   Hex/Ice        50%        N/A       1%          5
 Conjure Ball Lightning   Conj/Air       50%        3x3d17    1%          6
 Death Channel            Necr           50%        N/A       1%          6
 Eringya's Noxious Bog    Tmut/Pois      50%        N/A       1%          6
 Simulacrum               Ice/Necr       50%        N/A       1%          6
 Starburst                Conj/Fire      50%        6d14      1%          6
 Summon Cactus Giant      Summ           50%        N/A       1%          6
 Malign Gateway           Summ/Tloc      50%        N/A       1%          7
 Dragon Form              Tmut           50%        N/A       2%          7
 Orb of Destruction       Conj           50%        9d13      2%          7
 Spellforged Servitor     Conj/Summ      50%        N/A       2%          7
 Discord                  Hex            50%        N/A       17%         8
 Ignition                 Fire           50%        3d14      17%         8
 Infestation              Necr           50%        N/A       17%         8
 Lehudib's Crystal Spear  Conj/Erth      50%        10d12     17%         8
 Maxwell's Capacitive Co  Air            50%        ∞         17%         8
 Necromutation            Tmut/Necr      50%        N/A       17%         8
 Summon Horrible Things   Summ           50%        N/A       17%         8
 Death's Door             Necr           50%        N/A       95%         9


Dungeon Overview and Level Annotations

Branches:
Dungeon (15/15)            Temple (1/1) D:5            Lair (6/6) D:11
 Shoals (4/4) Lair:2       Spider (4/4) Lair:4        Slime (0/5) Lair:5
    Orc (2/2) D:10            Elf (3/3) Orc:2        Vaults (5/5) D:13
  Crypt (0/3) Vaults:2     Depths (4/4) D:15            Zot (5/5) Depths:4
  IceCv (visited)         Volcano (visited)          WizLab (visited)

Altars:
Ashenzari
Cheibriados
Dithmenos
Elyvilon
Fedhas
Gozag
Hepliaklqana
Kikubaaqudgha
Makhleb
Nemelex Xobeh
Okawaru
Qazlal
Ru
Sif Muna
Trog
Uskayaw
Vehumet
Wu Jian
Xom
Yredelemnul
Zin
The Shining One
Beogh
Jiyva
Lugonu

Shops:
D:7 =   D:10 (   D:12 **   D:15 (   Orc:2 ?[[(   Shoals:1 **   Shoals:3 ?=
Vaults:1 *   Vaults:2 (   Vaults:3 ?   Vaults:5 (   Depths:3 =

Portals:
Hell: Depths:1 Depths:2 Depths:3 Depths:4
Abyss: Depths:3
Pandemonium: Depths:1 Depths:2 Depths:4
Ziggurat: Depths:2

Annotations:
D:3 2 transporters
Zot:4 3 runed translucent doors, Heisao's ghost, legendary TrBe


Innate Abilities, Weirdness & Mutations

You have very sharp teeth.
Your uncanny sense of smell can sniff out nearby items.
Your experience applies equally to all skills.
Your flesh is cold resistant. (rC+)
Your system is resistant to poisons. (rPois)
You have hidden genetic defects.


Message History

You bite the Orb Guardian.
The Orb Guardian is heavily wounded.
You block the Orb Guardian's attack. x2
You bludgeon the Orb Guardian!!
The Orb Guardian is almost dead.
You block the Orb Guardian's attack.
You bludgeon the Orb Guardian!!
You kill the Orb Guardian!
Cheibriados appreciates the change of pace.
There is a stone staircase leading up, spattered with blood here.
(D) Dungeon (T) Temple (L) Lair (A) Shoals (N) Spider Nest (M) Slime Pits (O) Orcish Mines (E) Elven Halls (V) Vaults (C) Crypt (U) Depths (H) Hell (Z) Zot
Where to? (Enter - D:1, ? - help)
Things that are here:
a +0 club; a +0 robe; a +0 hand axe A tormentor comes into view.
As you read the scroll of holy word, it crumbles to dust.
You speak a Word of immense power!
The tormentor convulses!
You kill the tormentor!
Cheibriados thoroughly appreciates the change of pace.
(D) Dungeon (T) Temple (L) Lair (A) Shoals (N) Spider Nest (M) Slime Pits (O) Orcish Mines (E) Elven Halls (V) Vaults (C) Crypt (U) Depths (H) Hell (Z) Zot
Where to? (Enter - D:1, ? - help)
There is a stone staircase leading up here.
You fly upwards.
Level annotation: 2 transporters
There is a stone staircase leading down here.
There is an escape hatch in the ceiling here.
A mysterious force pulls you upwards. The hatch slams shut behind you.
There is a stone staircase leading up here.
You fly upwards.
There is a stone staircase leading down here.
There is a staircase leading out of the dungeon here.
You have escaped!

#.........##.....#
#..#
#.........''.....#
##.#
#.........##.....#
####.#
#.........##.....#
#.....
#.........##.....#
#.....
#.........+.....##
#.....
#.........#######
#####.
#.........#####>#
##
#######+#.#@....#
#######
#...#####.#
#......
###.....#'#
#...... #####...#
#...... #####
###......
#........
##########.##.##..
#.≈≈≈≈.≈......≈≈..
#≈≈###....≈####...


There were no monsters in sight!

Vanquished Creatures
  A dread lich (Zot:5)
  An ancient lich (Vaults:5)
  3 orbs of fire (Zot:5)
  A juggernaut (Depths:2)
  11 Killer Klowns (Zot:5)
  The ghost of Lukheov the Peltast, a veteran DrWn of Okawaru (Vaults:2)
  2 curse toes (Zot:5)
  13 golden dragons
  Arachne (Spider:2)
  the Enchantress (Depths:3)
  3 electric golems (Zot:5)
  A Brimstone Fiend (D:15)
  A Cloud Mage (WizLab)
  13 tentacled monstrosities
  A walking crystal tome (Depths:3)
  27 Orb Guardians
  A lich (Vaults:5)
  3 deep elf blademasters
  8 quicksilver dragons
  6 titans
  11 death cobs
  A walking divine tome (Depths:2)
  A kraken (Shoals:3)
  Gastronok (D:11)
  11 sphinxes
  14 storm dragons
  6 draconian monks
  9 tengu reavers
  11 shadow dragons
  2 rockslimes (Vaults:2)
  7 fire giants
  6 frost giants
  8 deep elf sorcerers (Elf:3)
  An azure jelly (Vaults:2)
  14 draconian knights
  7 deep elf elementalists (Elf:3)
  9 ghost moths
  15 vault wardens
  2 orc warlords
  2 emperor scorpions (Spider:2)
  Louise (Shoals:1)
  4 iron dragons
  3 spectral caustic shrikes (Depths:1)
  9 draconian shifters
  8 draconian scorchers
  3 draconian annihilators
  2 ghouls (Vaults:2)
  12 ironbound preservers
  2 broodmothers
  3 draconian stormcallers
  6 war gargoyles
  2 quicksilver oozes (Vaults:2)
  4 vampire knights
  32 very ugly things
  3 spriggan defenders (Depths:3)
  19 stone giants
  7 ironbound thunderhulks
  7 deep elf demonologists
  Azrael (Spider:1)
  11 white draconians
  11 yellow draconians
  13 dire elephants
  16 green draconians
  A lorocyproca (Zot:3)
  3 entropy weavers
  11 black draconians
  15 purple draconians
  11 deep elf annihilators
  18 red draconians
  3 deep elf death magi
  12 spark wasps
  A blizzard demon (WizLab)
  2 jiangshi (Depths:3)
  11 ettins
  3 crystal guardians
  6 merfolk javelineers
  3 deep elf high priests
  2 rakshasas
  Harold (D:7)
  13 merfolk impalers
  16 fire dragons
  30 vault guards
  9 ice dragons
  A hydra (shapeshifter) (Depths:2)
  14 hydras
  4 peacekeepers
  10 great orbs of eyes
  5 jorogumos (Spider:4)
  25 yaktaur captains
  6 spriggan air magi
  Erolcha (D:11)
  11 boulder beetles
  2 ghost crabs (WizLab)
  Erica (D:8)
  14 ironbound frosthearts
  13 centaur warriors
  18 two-headed ogres
  2 alligator snapping turtles
  A death knight (D:14)
  3 catoblepae
  8 merfolk aquamancers
  2 merfolk avatars (Shoals:4)
  4 ogre magi
  2 radroaches (Spider:2)
  31 dancing weapons
  8 deep troll earth magi
  4 tengu warriors
  4 satyrs
  11 death yaks
  A death scarab (Spider:2)
  An orc high priest (Orc:2)
  7 deep troll shamans
  2 vampire magi
  6 sun demons (Depths:3)
  Urug (Lair:4)
  2 soul eaters (Depths:2)
  4 large abominations
  8 hell knights
  5 shock serpents (WizLab)
  A storm dragon zombie (Vaults:5)
  The ghost of GilGalad the Cutter, a novice DDFi of Makhleb (D:7)
  22 deep elf knights
  6 iron trolls
  A fire crab (shapeshifter) (Elf:2)
  9 spriggan berserkers
  2 fire crabs (Lair:1)
  A salamander mystic (Depths:3)
  2 pharaoh ants
  A sixfirhy (Depths:2)
  A skeletal warrior (D:14)
  A cherub (Depths:1)
  57 deep trolls
  10 sea snakes
  7 death drakes (WizLab)
  4 steelbarb worms
  A glowing orange brain (Vaults:1)
  8 orb spiders
  2 flayed ghosts
  2 shadow demons
  31 deep elf pyromancers
  9 necromancers
  8 deep elf archers
  11 wizards
  A lindwurm (shapeshifter) (Depths:4)
  25 lindwurms
  10 harpies
  25 deep elf zephyrmancers
  5 phantasmal warriors
  22 wolf spiders
  13 ironbound convokers
  43 ugly things
  11 orc knights
  A fire giant zombie (Vaults:4)
  An orc sorcerer (Orc:2)
  2 oklob plants (Lair:3)
  A stone giant zombie (Vaults:5)
  2 shining eyes
  20 fauns
  13 cyclopes
  24 manticores
  A fire giant skeleton (Vaults:4)
  14 merfolk sirens
  4 salamanders
  27 moths of wrath
  An ice statue (IceCv)
  Joseph (D:10)
  19 elephants
  A rust devil (Depths:4)
  2 human skeletons (Vaults:4)
  A gargoyle (D:12)
  14 vault sentinels
  A water nymph (shapeshifter) (Vaults:5)
  An orange demon (Depths:2)
  3 apocalypse crabs (WizLab)
  10 water nymphs
  7 black mambas
  13 torpor snails
  An eye of devastation (Depths:3)
  A yaktaur (shapeshifter) (D:12)
  An unseen horror (D:13)
  A hellion (Depths:2)
  2 rime drakes
  Maggie (D:7)
  7 demonic crawlers
  53 yaktaurs
  5 tengu conjurers
  3 efreet
  7 cane toads
  12 komodo dragons
  A tormentor (D:4)
  An ancient zyme (D:12)
  6 freezing wraiths
  4 kobold demonologists
  2 meliai (shapeshifter)
  An elf skeleton (Vaults:4)
  A queen bee (Lair:2)
  15 trolls
  9 meliai
  29 merfolk
  11 wind drakes
  17 polar bears
  Prince Ribbit (D:6)
  2 hornets (Depths:3)
  A troll (shapeshifter) (D:13)
  35 slime creatures
  A wind drake (shapeshifter) (D:12)
  39 tarantellas
  24 dream sheep
  A small abomination (D:12)
  12 blink frogs
  A human simulacrum (Vaults:5)
  7 snapping turtles
  24 culicivoras
  19 jumping spiders
  21 air elementals
  A ynoxinul (Depths:4)
  2 wyverns
  2 wraiths
  4 spriggans (Depths:3)
  A shadow (D:12)
  A wyvern (shapeshifter) (D:13)
  6 fire elementals
  69 yaks
  3 fire bats (Depths:3)
  27 water elementals
  A human (shapeshifter) (Depths:2)
  36 redbacks
  Eustachio (D:4)
  8 basilisks
  A chaos spawn (Depths:4)
  Menkaure (D:7)
  5 vampire mosquitoes (D:14)
  A neqoxec (Depths:4)
  4 wargs
  2 acid dragons
  15 water moccasins
  Duvessa (D:4)
  A floating eye (Depths:1)
  5 hell hounds
  2 meliai simulacra
  3 black bears
  2 hornet zombies
  23 orc warriors
  2 ice beasts
  3 boggarts (Vaults:3)
  21 ogres
  29 wolves
  A phantom (D:6)
  13 centaurs
  4 lemures
  5 kobold brigands
  An elf zombie (Elf:1)
  Blork the orc (D:4)
  20 bullfrogs
  2 wyvern zombies
  3 earth elementals
  4 gnoll sergeants
  7 scorpions
  Dowan (D:4)
  27 killer bees
  3 electric eels
  2 howler monkeys
  11 centaur zombies
  2 hounds (D:6)
  A jelly (D:4)
  11 orc priests
  3 gnoll shamans
  A centaur skeleton (D:7)
  4 iguanas
  12 orc wizards
  7 hell rats
  5 killer bee zombies
  Robin (D:2)
  A howler monkey zombie (D:9)
  A howler monkey skeleton (D:4)
  3 adders
  34 gnolls
  A shadow imp (D:6)
  An ufetubus (D:6)
  2 worms (D:2)
  A dart slug (D:4)
  43 orcs
  5 endoplasms
  6 giant cockroaches
  16 goblins
  11 hobgoblins
  3 quokkas
  5 ball pythons
  4 bats (D:3)
  4 frilled lizards
  23 kobolds
  7 rats
  A spectral kobold (D:1)
  A butterfly (Lair:3)
2353 creatures vanquished.

Vanquished Creatures (collateral kills)
  A dancing weapon (Elf:1)
  A deep elf archer (Elf:2)
  A deep elf zephyrmancer (Elf:2)
  An apocalypse crab (WizLab)
4 creatures vanquished.

Vanquished Creatures (others)
  An Orb Guardian (Zot:5)
  A blizzard demon (WizLab)
  A great orb of eyes (Depths:3)
  A deep elf pyromancer (Elf:1)
  A wolf spider (Spider:4)
  7 bushes (D:6)
  31 fungi
  112 plants
  8 tentacles (Shoals:3)
163 creatures vanquished.

Grand Total: 2520 creatures vanquished

Notes
Turn   | Place    | Note
-------+----------+-------------------------------------------
     0 | D:1      | fictitious the Gnoll Warper began the quest for the Orb.
     0 | D:1      | Reached XP level 1. HP: 20/20 MP: 6/6
   149 | D:1      | Reached XP level 2. HP: 19/26 MP: 7/7
   329 | D:1      | Found a faded altar of an unknown god.
   797 | D:2      | You fall into a shaft and drop 1 floor!
   797 | D:3      | Found a transporter.
   841 | D:2      | Learned a level 2 spell: Blink
   862 | D:2      | Reached XP level 3. HP: 31/31 MP: 9/9
   863 | D:2      | Reached skill level 5 in Spellcasting
   872 | D:2      | Noticed Robin
  1182 | D:3      | Found a transporter.
  1261 | D:2      | Reached skill level 1 in Invocations
  1391 | D:2      | Noticed a black bear
  1654 | D:2      | Reached skill level 1 in Short Blades
  1654 | D:2      | Reached skill level 1 in Long Blades
  1654 | D:2      | Reached skill level 1 in Axes
  1654 | D:2      | Reached skill level 1 in Polearms
  1654 | D:2      | Reached skill level 1 in Staves
  1654 | D:2      | Reached skill level 1 in Slings
  1654 | D:2      | Reached skill level 1 in Bows
  1654 | D:2      | Reached skill level 1 in Crossbows
  1654 | D:2      | Reached skill level 1 in Stealth
  1654 | D:2      | Reached skill level 1 in Shields
  1654 | D:2      | Reached skill level 1 in Unarmed Combat
  1654 | D:2      | Reached skill level 1 in Evocations
  1662 | D:2      | Learned a level 3 spell: Gell's Gravitas
  1666 | D:2      | Learned a level 3 spell: Lesser Beckoning
  1702 | D:2      | Killed Robin
  1703 | D:2      | Reached XP level 4. HP: 31/38 MP: 11/11
  2197 | D:3      | Identified the +1 falchion of Extermination {flame, rF++
                  | rN+++ Dex+3 Stlth+}
  2899 | D:4      | Reached skill level 1 in Conjurations
  2899 | D:4      | Reached skill level 1 in Hexes
  2899 | D:4      | Reached skill level 1 in Summonings
  2899 | D:4      | Reached skill level 1 in Necromancy
  2899 | D:4      | Reached skill level 1 in Transmutations
  2899 | D:4      | Reached skill level 1 in Fire Magic
  2899 | D:4      | Reached skill level 1 in Ice Magic
  2899 | D:4      | Reached skill level 1 in Air Magic
  2899 | D:4      | Reached skill level 1 in Earth Magic
  2899 | D:4      | Reached skill level 1 in Poison Magic
  3014 | D:4      | Noticed an ice beast
  3046 | D:4      | Killed an ice beast
  3047 | D:4      | Reached XP level 5. HP: 29/43 MP: 12/12
  3286 | D:4      | Noticed a lemure
  3325 | D:4      | Killed a lemure
  3503 | D:4      | Noticed an ogre
  3505 | D:4      | Noticed Eustachio
  3591 | D:5      | Entered Level 5 of the Dungeon
  3663 | D:4      | Noticed a lemure
  3664 | D:4      | Noticed Pikel
  3853 | D:3      | Killed an ogre
  3854 | D:3      | Reached XP level 6. HP: 19/50 MP: 9/14
  5380 | D:4      | Reached skill level 5 in Fighting
  5380 | D:4      | Reached skill level 5 in Maces & Flails
  5380 | D:4      | Reached skill level 5 in Dodging
  5577 | D:4      | Learned a level 3 spell: Teleport Other
  5674 | D:4      | Killed a black bear
  5771 | D:5      | Reached XP level 7. HP: 52/56 MP: 15/15
  5839 | D:5      | Found a glowing silver altar of Zin.
  5839 | D:5      | Noticed an angel
  6135 | D:4      | Noticed Blork the orc
  6404 | D:4      | Killed Blork the orc
  6742 | D:4      | Killed Eustachio
  7100 | D:5      | Noticed Dowan
  7100 | D:5      | Noticed Duvessa
  7506 | D:5      | Reached XP level 8. HP: 12/63 MP: 10/16
  8301 | D:3      | Found a transporter.
  8315 | D:3      | Found a transporter.
  8762 | D:3      | Noticed Pikel
  8762 | D:3      | Pikel changed into Pikel the basilisk
  9107 | D:5      | Found a staircase to the Ecumenical Temple.
  9117 | Temple   | Entered the Ecumenical Temple
 10166 | D:6      | Learned a level 2 spell: Poisonous Vapours
 10353 | D:6      | Found an opulent altar of Gozag.
 10385 | D:6      | Found a sacrificial altar of Ru.
 10589 | D:6      | Found a hazy altar of Hepliaklqana.
 10653 | D:6      | Found a snail-covered altar of Cheibriados.
 10656 | D:6      | Became a worshipper of Cheibriados the Contemplative
 11095 | D:6      | Noticed Prince Ribbit
 11107 | D:6      | Killed Prince Ribbit
 11108 | D:6      | Reached skill level 6 in Fighting
 11108 | D:6      | Reached XP level 9. HP: 65/69 MP: 10/18
 11499 | D:6      | Reached * piety under Cheibriados
 12259 | D:7      | Found Geutac's Jewellery Shop.
 12263 | D:7      | Noticed Maggie
 12263 | D:7      | Noticed Harold
 12288 | D:7      | Found a large runed translucent door.
 12288 | D:7      | Found a large runed translucent door.
 12478 | D:7      | Reached skill level 5 in Throwing
 12478 | D:7      | Reached skill level 5 in Armour
 12886 | D:8      | Reached ** piety under Cheibriados
 13017 | D:8      | Found a sparkling altar of Nemelex Xobeh.
 13039 | D:7      | Noticed Menkaure
 13049 | D:7      | Killed Menkaure
 13050 | D:7      | Reached skill level 5 in Invocations
 13339 | D:8      | Found a shimmering blue altar of Sif Muna.
 13342 | D:8      | Noticed Erica
 13367 | D:8      | Killed Erica
 13368 | D:8      | Reached XP level 10. HP: 24/77 MP: 1/20
 13612 | D:8      | Reached skill level 5 in Short Blades
 13612 | D:8      | Reached skill level 5 in Long Blades
 13612 | D:8      | Reached skill level 5 in Axes
 13612 | D:8      | Reached skill level 5 in Polearms
 13612 | D:8      | Reached skill level 5 in Staves
 13612 | D:8      | Reached skill level 5 in Slings
 13612 | D:8      | Reached skill level 5 in Bows
 13612 | D:8      | Reached skill level 5 in Crossbows
 13612 | D:8      | Reached skill level 5 in Stealth
 13612 | D:8      | Reached skill level 5 in Shields
 13612 | D:8      | Reached skill level 5 in Unarmed Combat
 13612 | D:8      | Reached skill level 5 in Evocations
 13811 | D:7      | Noticed GilGalad's ghost (novice DDFi)
 14174 | D:8      | Learned a level 5 spell: Manifold Assault
 14343 | D:7      | Reached skill level 7 in Fighting
 15209 | D:9      | Reached *** piety under Cheibriados
 15558 | D:9      | Found a basalt altar of Yredelemnul.
 16288 | D:10     | Entered Level 10 of the Dungeon
 16336 | D:10     | Reached **** piety under Cheibriados
 16403 | D:10     | Noticed a two-headed ogre
 16502 | D:10     | Reached XP level 11. HP: 82/84 MP: 22/22
 16627 | D:10     | Noticed Joseph
 16649 | D:10     | Killed Joseph
 16650 | D:10     | Reached skill level 5 in Conjurations
 16650 | D:10     | Reached skill level 5 in Hexes
 16650 | D:10     | Reached skill level 5 in Summonings
 16650 | D:10     | Reached skill level 5 in Necromancy
 16650 | D:10     | Reached skill level 5 in Transmutations
 16650 | D:10     | Reached skill level 5 in Fire Magic
 16650 | D:10     | Reached skill level 5 in Ice Magic
 16650 | D:10     | Reached skill level 5 in Air Magic
 16650 | D:10     | Reached skill level 5 in Earth Magic
 16650 | D:10     | Reached skill level 5 in Poison Magic
 17119 | D:10     | Found Zetar's Weapon Shop.
 17119 | D:10     | Found a staircase to the Orcish Mines.
 17181 | D:10     | Killed a two-headed ogre
 17507 | D:11     | Noticed Erolcha
 17591 | D:11     | Found a frozen archway.
 17594 | D:11     | Noticed an ice dragon
 17649 | D:11     | Reached skill level 8 in Fighting
 17664 | D:11     | Killed an ice dragon
 17815 | IceCv    | Entered an ice cave
 18210 | IceCv    | Noticed a white ugly thing
 18222 | IceCv    | Killed a white ugly thing
 18446 | IceCv    | Reached XP level 12. HP: 82/94 MP: 11/24
 18866 | IceCv    | Noticed a death yak
 18891 | IceCv    | Killed a death yak
 18920 | IceCv    | Reached ***** piety under Cheibriados
 19330 | IceCv    | Noticed a death yak
 19330 | IceCv    | Noticed an ironbound frostheart
 19330 | IceCv    | Noticed an ironbound frostheart
 19330 | IceCv    | Noticed a death yak
 19345 | IceCv    | Killed an ironbound frostheart
 19351 | IceCv    | Killed an ironbound frostheart
 19590 | IceCv    | Killed a death yak
 19602 | IceCv    | Killed a death yak
 19603 | IceCv    | Reached skill level 9 in Fighting
 19774 | IceCv    | Learned a level 3 spell: Ozocubu's Armour
 20695 | D:11     | Noticed a two-headed ogre
 20701 | D:11     | Noticed Gastronok
 20702 | D:11     | Killed a two-headed ogre
 20735 | D:11     | Killed Gastronok
 20736 | D:11     | Reached XP level 13. HP: 92/101 MP: 26/26
 20939 | D:11     | Found a staircase to the Lair.
 20951 | Lair:1   | Entered Level 1 of the Lair of Beasts
 20952 | Lair:1   | Found the +4 robe of Augmentation {Str+4 Int+4 Dex+4}
 21233 | Lair:1   | Identified the +7 trident "Ujoelit" {protect, Drain rPois
                  | rN+++ SInv}
 22268 | Lair:1   | Identified the +11 short sword "Pussi" {vamp, rF+}
 22473 | Lair:1   | Identified the +5 robe "Meum" {Fly rC++ rCorr Dex-4}
 23548 | Lair:2   | Found a staircase to the Shoals.
 23618 | Lair:2   | Reached skill level 10 in Spellcasting
 23887 | Lair:2   | Reached ****** piety under Cheibriados
 24232 | Lair:2   | Learned a level 4 spell: Dispel Undead
 24458 | Lair:3   | Reached skill level 10 in Fighting
 24458 | Lair:3   | Reached skill level 10 in Maces & Flails
 24458 | Lair:3   | Reached skill level 10 in Dodging
 24458 | Lair:3   | Reached XP level 14. HP: 107/110 MP: 6/28
 25881 | Lair:3   | Identified a scroll of acquirement
 25881 | Lair:3   | Acquired the Guide on Supportive Changing
 25938 | Lair:4   | Found a dark tunnel.
 25944 | Volcano  | Entered a volcano
 26537 | Lair:4   | Reached skill level 10 in Invocations
 26569 | Lair:4   | Found a hole to the Spider Nest.
 27242 | Lair:4   | Noticed Urug
 27253 | Lair:4   | Killed Urug
 28190 | Lair:5   | Found a snail-covered altar of Cheibriados.
 28713 | Lair:5   | Found a staircase to the Slime Pits.
 29081 | Lair:6   | Entered Level 6 of the Lair of Beasts
 29413 | Lair:6   | Reached skill level 10 in Throwing
 29413 | Lair:6   | Reached skill level 10 in Armour
 29692 | Lair:6   | Reached XP level 15. HP: 117/117 MP: 13/29
 30448 | Lair:6   | Reached skill level 10 in Translocations
 30798 | Lair:6   | Reached skill level 11 in Fighting
 30802 | Lair:6   | Reached skill level 10 in Short Blades
 30802 | Lair:6   | Reached skill level 10 in Long Blades
 30802 | Lair:6   | Reached skill level 10 in Axes
 30802 | Lair:6   | Reached skill level 10 in Polearms
 30802 | Lair:6   | Reached skill level 10 in Staves
 30802 | Lair:6   | Reached skill level 10 in Slings
 30802 | Lair:6   | Reached skill level 10 in Bows
 30802 | Lair:6   | Reached skill level 10 in Crossbows
 30802 | Lair:6   | Reached skill level 10 in Stealth
 30802 | Lair:6   | Reached skill level 10 in Shields
 30802 | Lair:6   | Reached skill level 10 in Unarmed Combat
 30802 | Lair:6   | Reached skill level 10 in Evocations
 31614 | D:11     | Killed Erolcha
 32326 | D:7      | Bought a ring of poison resistance for 200 gold pieces
 32326 | D:7      | Bought a ring of see invisible for 150 gold pieces
 32350 | D:7      | Killed Harold
 32368 | D:7      | Killed Maggie
 32811 | D:7      | Killed GilGalad's ghost
 32933 | D:4      | Killed Dowan
 32939 | D:4      | Killed Duvessa
 33203 | D:3      | Found a transporter.
 33217 | D:3      | Found a transporter.
 33293 | D:3      | Killed Pikel the basilisk
 34349 | D:12     | Found Kerurr's Pet Rocks.
 34909 | D:12     | Found a transporter.
 35249 | D:12     | Found Lijaesme's General Store.
 35355 | D:12     | Found a transporter.
 35358 | D:12     | Found a corrupted altar of Lugonu.
 35527 | Orc:1    | Entered Level 1 of the Orcish Mines
 35688 | Orc:2    | Entered Level 2 of the Orcish Mines
 35953 | Orc:2    | Found Buchiula's Antique Armour Boutique.
 36315 | Orc:2    | Paralysed by an ogre mage for 3 turns
 36328 | Orc:2    | Reached XP level 16. HP: 106/126 MP: 11/31
 36503 | Orc:2    | Found Uprus's Weapon Shop.
 36505 | Orc:2    | Found Wumpuduv's Magic Scroll Emporium.
 36524 | Orc:2    | Found Docweg's Armour Boutique.
 36843 | Orc:2    | Found a staircase to the Elven Halls.
 37179 | Orc:2    | Bought a scroll of teleportation for 42 gold pieces
 37179 | Orc:2    | Bought a scroll of teleportation for 42 gold pieces
 37179 | Orc:2    | Bought a scroll of teleportation for 42 gold pieces
 37179 | Orc:2    | Bought a scroll of teleportation for 42 gold pieces
 37179 | Orc:2    | Bought a scroll of magic mapping for 49 gold pieces
 37179 | Orc:2    | Bought a scroll of magic mapping for 49 gold pieces
 37192 | Orc:2    | Bought an embroidered scarf for 160 gold pieces
 37199 | Orc:2    | Bought a shiny chain mail for 150 gold pieces
 37208 | Orc:2    | Learned a level 3 spell: Mephitic Cloud
 37214 | Orc:2    | Learned a level 5 spell: Freezing Cloud
 38078 | Spider:1 | Entered Level 1 of the Spider Nest
 38159 | Spider:1 | Noticed Azrael
 38173 | Spider:1 | Killed Azrael
 40587 | Spider:2 | Noticed Arachne
 40916 | Spider:2 | Killed Arachne
 40917 | Spider:2 | Reached skill level 12 in Fighting
 43337 | Spider:3 | Reached XP level 17. HP: 133/133 MP: 20/33
 43944 | Spider:3 | Found a hide-covered altar of Uskayaw.
 44577 | Spider:4 | Entered Level 4 of the Spider Nest
 44599 | Spider:3 | Learned a level 3 spell: Ignite Poison
 46156 | Spider:4 | Reached skill level 10 in Conjurations
 46156 | Spider:4 | Reached skill level 10 in Hexes
 46156 | Spider:4 | Reached skill level 10 in Summonings
 46156 | Spider:4 | Reached skill level 10 in Necromancy
 46156 | Spider:4 | Reached skill level 10 in Transmutations
 46156 | Spider:4 | Reached skill level 10 in Fire Magic
 46156 | Spider:4 | Reached skill level 10 in Ice Magic
 46156 | Spider:4 | Reached skill level 10 in Air Magic
 46156 | Spider:4 | Reached skill level 10 in Earth Magic
 46156 | Spider:4 | Reached skill level 10 in Poison Magic
 46201 | Spider:4 | Found the +1 Delatra's gloves {ID++}
 46304 | Spider:4 | Got a gossamer rune of Zot
 47537 | Spider:4 | Learned a level 5 spell: Irradiate
 47750 | Shoals:1 | Entered Level 1 of the Shoals
 48178 | Shoals:1 | Identified the +5 troll leather armour "Qeiz" {rElec Regen+
                  | Int+4}
 48185 | Shoals:1 | Found Jehalynoa's General Store.
 48309 | Shoals:1 | Bought 3 scrolls of blinking for 450 gold pieces
 48332 | Shoals:1 | Noticed Louise
 48367 | Shoals:1 | Killed Louise
 48491 | Shoals:1 | Found Uggat's Antique Armour Shoppe.
 48501 | Shoals:1 | Learned a level 4 spell: Airstrike
 48594 | Shoals:1 | Found Uraagik's Assorted Antiques.
 48599 | Shoals:1 | Bought a tiger eye-encrusted scale mail for 369 gold pieces
 48599 | Shoals:1 | Identified the +0 scale mail "Hapaidyc" {Regen+ Stlth+}
                  | (You bought it in a shop on level 1 of the Shoals)
 49272 | Shoals:2 | Reached XP level 18. HP: 142/142 MP: 25/35
 50391 | Shoals:3 | Reached skill level 13 in Fighting
 50747 | Shoals:3 | Found Benaq's Magic Scroll Shoppe.
 50758 | Shoals:3 | Found Valysuxe's Jewellery Shop.
 51050 | Shoals:3 | Identified the ring of the Will of the Gods {Fire rElec
                  | rPois rCorr Str-5}
 51071 | Shoals:3 | Bought the ring of Vief {Will+ EV+4 Str+6 SInv} for 1111
                  | gold pieces
 52356 | Shoals:4 | Entered Level 4 of the Shoals
 52590 | Shoals:4 | Paralysed by an air elemental for 1 turns
 53062 | Shoals:4 | Paralysed by an air elemental for 1 turns
 53238 | Shoals:4 | Identified the +7 morningstar of the Wolf {vorpal, Fly
                  | Will- Dex+2}
 53439 | Shoals:4 | Identified the +6 short sword of Fate {speed, Dex+7}
 53453 | Shoals:4 | Paralysed by an air elemental for 1 turns
 53670 | Shoals:4 | Reached XP level 19. HP: 151/151 MP: 26/36
 53738 | Shoals:4 | Found a stormy altar of Qazlal.
 53861 | Shoals:4 | Identified the +4 glaive of Cobwebs {vorpal, MP+9}
 54473 | Shoals:4 | Got a barnacled rune of Zot
 55010 | Elf:1    | Entered Level 1 of the Elven Halls
 55026 | Orc:2    | Reached skill level 14 in Fighting
 55082 | Elf:1    | Paralysed by an air elemental for 1 turns
 55783 | Elf:1    | Got the Handbook of Necromancy
 55791 | Elf:1    | Learned a level 6 spell: Death Channel
 56182 | Elf:1    | You fall into a shaft and drop 1 floor!
 57503 | Elf:2    | Paralysed by an air elemental for 1 turns
 57689 | Elf:2    | Found a runed translucent gate.
 57690 | Elf:2    | Found a runed translucent gate.
 57695 | Elf:2    | Found a runed translucent gate.
 57807 | Elf:2    | Reached XP level 20. HP: 161/161 MP: 32/38
 58014 | Elf:2    | Reached skill level 15 in Fighting
 58986 | Elf:3    | Entered Level 3 of the Elven Halls
 59387 | Elf:3    | Learned a level 6 spell: Eringya's Noxious Bog
 59453 | Elf:2    | Found a shimmering blue altar of Sif Muna.
 59948 | Elf:3    | Reached skill level 15 in Invocations
 60076 | Elf:3    | Identified the +9 falchion of Kigaulogoe {flame, Stlth+}
 60245 | Elf:3    | Identified the +9 quarterstaff of Uskayaw's Esteem {vorpal,
                  | Fly rPois rC++ Int+2}
 60433 | Elf:3    | Identified the +11 quarterstaff of an ossuary {spect, rF+}
 60636 | Elf:3    | Got Osolan's Incunabulum of the Dislocated Birds
 60643 | Elf:3    | Identified the +8 plate armour of Hospitality {rC+ Str+3
                  | Dex-2 Stlth+}
 60688 | Elf:3    | Identified the +7 plate armour of Xebuor {Int+3}
 61287 | D:12     | Bought a +1 eveningstar of flaming for 340 gold pieces
 62578 | D:13     | Found a gate to the Vaults.
 63140 | D:14     | Reached skill level 16 in Fighting
 63453 | D:14     | Reached XP level 21. HP: 144/171 MP: 10/39
 63896 | D:14     | Reached skill level 15 in Spellcasting
 64373 | D:15     | Entered Level 15 of the Dungeon
 64399 | D:15     | Found Geykuib's Weapon Shop.
 64998 | D:15     | Reached skill level 15 in Maces & Flails
 64998 | D:15     | Reached skill level 15 in Dodging
 65458 | D:15     | Found a staircase to the Depths.
 65630 | Vaults:1 | Entered Level 1 of the Vaults
 66972 | Vaults:1 | Identified the +11 flail "Myacoe" {vorpal, rElec rPois
                  | Str+4 Dex+3}
 67186 | Vaults:1 | Found Mabrono's Assorted Antiques.
 67383 | Vaults:1 | You are sucked into a shaft and drop 1 floor!
 68357 | Vaults:1 | Reached skill level 17 in Fighting
 68785 | Vaults:1 | Learned a level 5 spell: Lee's Rapid Deconstruction
 68989 | Vaults:1 | Reached skill level 15 in Throwing
 68989 | Vaults:1 | Reached skill level 15 in Armour
 69194 | Vaults:2 | Reached XP level 22. HP: 181/181 MP: 22/41
 69870 | Vaults:2 | Found a portal to a secret trove of treasure.
 70254 | Vaults:2 | Found a staircase to the Crypt.
 70488 | Vaults:2 | Reached skill level 15 in Short Blades
 70488 | Vaults:2 | Reached skill level 15 in Long Blades
 70488 | Vaults:2 | Reached skill level 15 in Axes
 70488 | Vaults:2 | Reached skill level 15 in Polearms
 70488 | Vaults:2 | Reached skill level 15 in Staves
 70488 | Vaults:2 | Reached skill level 15 in Slings
 70488 | Vaults:2 | Reached skill level 15 in Bows
 70488 | Vaults:2 | Reached skill level 15 in Crossbows
 70488 | Vaults:2 | Reached skill level 15 in Stealth
 70488 | Vaults:2 | Reached skill level 15 in Shields
 70488 | Vaults:2 | Reached skill level 15 in Unarmed Combat
 70488 | Vaults:2 | Reached skill level 15 in Evocations
 70754 | Vaults:2 | Found a runed translucent gate.
 70755 | Vaults:2 | Found a runed translucent gate.
 70755 | Vaults:2 | Found a runed translucent gate.
 70755 | Vaults:2 | Noticed Lukheov's ghost (veteran DrWn)
 70759 | Vaults:2 | Found a viscous altar of Jiyva.
 71024 | Vaults:2 | Found Damul's Weapon Shoppe.
 71364 | Shoals:3 | Bought a scroll of blinking for 135 gold pieces
 71364 | Shoals:3 | Bought a scroll of fog for 36 gold pieces
 71595 | Vaults:2 | You paid a toll of 7 scrolls of fog to enter a treasure
                  | trove
 71596 | Trove    | Entered a treasure trove
 71617 | Trove    | Got the Collected Works on Beguiling
 71630 | Trove    | Got Oriav's Incunabulum of Shifting Dark Rituals
 71640 | Trove    | Got Sif Muna's Volume of the Snowflakes
 71659 | Trove    | Got Roshrucy's Almanac of Ensnaring Shape Shifting
 71665 | Trove    | Got the Papyrus of Curses and Shape Shifting
 71675 | Trove    | Learned a level 2 spell: Sublimation of Blood
 71881 | Vaults:2 | Killed Lukheov's ghost
 72020 | Vaults:2 | Identified the +1 ring mail "Avieff" {rCorr Int+3 Dex-2}
 72023 | Vaults:2 | Identified the ring of Free Will {rElec rPois rF+++ MP-9
                  | Dex+6}
 72037 | Vaults:2 | Identified the +5 dagger of the Blessed Realm {vorpal, rN+
                  | SInv}
 72171 | Vaults:3 | Found a magical portal.
 72180 | WizLab   | Entered The Chambers of the Cloud Mage
 72934 | WizLab   | Paralysed by an air elemental for 1 turns
 73122 | WizLab   | Paralysed by an air elemental for 1 turns
 73130 | WizLab   | Paralysed by an air elemental for 1 turns
 73154 | WizLab   | Paralysed by an air elemental for 1 turns
 73158 | WizLab   | Paralysed by an air elemental for 1 turns
 73334 | WizLab   | Identified the +1 cloak of a treasure trove {rPois Str+7
                  | Stlth+}
 73351 | WizLab   | Identified the ring of Cheibriados's Hope {+Blink EV+4
                  | Int-4 Dex+3 SInv}
 73358 | WizLab   | Identified the +1 morningstar "Ruicaer" {vorpal, rPois rF-
                  | MP+9 Int-5}
 73434 | Vaults:3 | Identified the +1 robe "Bomigimp" {Drain rN+ Dex+5}
 73685 | Vaults:3 | Acquired the +5 kite shield of Warghulau {Dex+3}
 73785 | Vaults:3 | Reached skill level 18 in Fighting
 74700 | Vaults:3 | Reached XP level 23. HP: 190/190 MP: 17/43
 74960 | Vaults:3 | Found Egyruda's Magic Scroll Boutique.
 75432 | Vaults:5 | Entered Level 5 of the Vaults
 75615 | Vaults:4 | Identified the +8 flail "Fofeotob" {elec, Fragile Int+8
                  | Stlth+}
 76070 | Vaults:4 | Identified the +3 leather armour "Afoaraf" {Harm rC++ Str+2
                  | Dex+4}
 76613 | Vaults:4 | Learned a level 7 spell: Ozocubu's Refrigeration
 76777 | Depths:1 | Entered Level 1 of the Depths
 76848 | Depths:1 | Found a gateway to Hell.
 77453 | Depths:1 | Found a one-way gate leading to the halls of Pandemonium.
 77480 | Depths:1 | Found a blossoming altar of Fedhas.
 77818 | Depths:1 | Acquired the ring of Lilacs {Int+7 Slay+4}
 77825 | Depths:1 | Acquired the +0 buckler "Jeunom" {rElec Regen+ MP-9}
 77829 | Depths:1 | Acquired 662 gold pieces
 77910 | Depths:2 | Found a one-way gateway to a ziggurat.
 78148 | Depths:2 | Reached skill level 19 in Fighting
 78193 | Depths:2 | Noticed a golden dragon
 78206 | Depths:2 | Killed a golden dragon
 78482 | Depths:2 | Noticed a juggernaut
 78492 | Depths:2 | Killed a juggernaut
 78511 | Depths:2 | Reached XP level 24. HP: 133/201 MP: 14/43
 78665 | Depths:2 | Identified the ring "Nimolav" {Ice Int+4}
 78687 | Depths:2 | Identified the +3 glaive of Zamiw {elec, rN+ rCorr}
 78766 | Depths:2 | Found an ancient bone altar of Kikubaaqudgha.
 79572 | Depths:3 | Found a one-way gate to the infinite horrors of the Abyss.
 80046 | Depths:3 | Found Xudiepuw's Jewellery Boutique.
 80309 | Depths:3 | Noticed the Enchantress
 80314 | Depths:3 | Killed the Enchantress
 80406 | Depths:3 | Identified the ring of Surprise {Drain rElec rC- rCorr
                  | Dex+6}
 80859 | Depths:3 | Reached skill level 15 in Translocations
 81137 | Depths:4 | Entered Level 4 of the Depths
 81189 | Depths:4 | Found a glowing golden altar of the Shining One.
 81236 | Depths:4 | Reached skill level 20 in Fighting
 81612 | Depths:4 | Found a gate to the Realm of Zot.
 81886 | Depths:4 | Reached XP level 25. HP: 204/211 MP: 6/44
 82070 | Depths:4 | Identified the +4 hand axe "Gram" {vorpal, Fly rElec Will+
                  | Dex-3}
 82749 | Vaults:5 | Got a silver rune of Zot
 82916 | Vaults:5 | Learned a level 5 spell: Silence
 83204 | Vaults:5 | Identified the amulet of Due Proportion {Faith Dex+3 SInv}
 83208 | Vaults:5 | Noticed an ancient lich
 83213 | Vaults:5 | Killed an ancient lich
 83711 | Vaults:5 | Reached skill level 21 in Fighting
 83767 | Vaults:5 | Identified the +0 pair of gloves of Nice Brilliance {Str+4
                  | Slay+2}
 83768 | Vaults:5 | Identified the +11 tower shield "Daureu" {rElec Will-
                  | Int+7}
 83935 | Vaults:5 | Identified the +8 arbalest of the Postmodern Mystics
                  | {penet, rF+}
 84111 | Vaults:5 | Found Raig's Weapon Shoppe.
 84567 | Vaults:5 | Learned a level 6 spell: Dispersal
 84782 | Zot:1    | Entered Level 1 of the Realm of Zot
 84847 | Zot:1    | Reached XP level 26. HP: 217/222 MP: 10/45
 85786 | Zot:1    | Reached skill level 15 in Conjurations
 85786 | Zot:1    | Reached skill level 15 in Hexes
 85786 | Zot:1    | Reached skill level 15 in Summonings
 85786 | Zot:1    | Reached skill level 15 in Necromancy
 85786 | Zot:1    | Reached skill level 15 in Transmutations
 85786 | Zot:1    | Reached skill level 15 in Fire Magic
 85786 | Zot:1    | Reached skill level 15 in Ice Magic
 85786 | Zot:1    | Reached skill level 15 in Air Magic
 85786 | Zot:1    | Reached skill level 15 in Earth Magic
 85786 | Zot:1    | Reached skill level 15 in Poison Magic
 86461 | Zot:1    | Identified the +11 hunting sling "Cefaunt" {freeze, rCorr
                  | Str+4 Dex-2 Stlth+}
 86814 | Zot:1    | Learned a level 3 spell: Portal Projectile
 87094 | Zot:2    | You are sucked into a shaft and drop 1 floor!
 88102 | Zot:3    | Reached skill level 22 in Fighting
 89071 | Zot:4    | Found a runed translucent gate.
 89071 | Zot:4    | Found a runed translucent gate.
 89071 | Zot:4    | Found a runed translucent gate.
 89098 | Zot:4    | Noticed Heisao's ghost (legendary TrBe)
 89098 | Zot:4    | Noticed a Killer Klown
 89147 | Zot:4    | Reached XP level 27. HP: 210/231 MP: 36/45
 90047 | D:12     | Bought a wand of digging (5) for 306 gold pieces
 90047 | D:12     | Bought a wand of digging (9) for 442 gold pieces
 90188 | Shoals:1 | Bought a scroll of teleportation for 123 gold pieces
 90188 | Shoals:1 | Bought a scroll of blinking for 307 gold pieces
 90188 | Shoals:1 | Bought a pair of glowing gloves for 307 gold pieces
 90243 | Shoals:3 | Bought a scroll of teleportation for 54 gold pieces
 90243 | Shoals:3 | Bought a scroll of silence for 135 gold pieces
 90521 | Vaults:3 | Bought a scroll of fear for 63 gold pieces
 90521 | Vaults:3 | Bought a scroll of fear for 63 gold pieces
 90521 | Vaults:3 | Bought a scroll of blinking for 135 gold pieces
 90524 | Vaults:3 | Bought a scroll of noise for 18 gold pieces
 90524 | Vaults:3 | Bought a scroll of noise for 18 gold pieces
 90659 | Vaults:1 | Bought a scroll of teleportation for 63 gold pieces
 90659 | Vaults:1 | Bought a scroll of blinking for 157 gold pieces
 90659 | Vaults:1 | Bought a scroll of fear for 73 gold pieces
 90659 | Vaults:1 | Bought a scroll of summoning for 199 gold pieces
 90857 | Shoals:1 | Bought a potion of invisibility for 160 gold pieces
 91246 | Zot:5    | Entered Level 5 of the Realm of Zot
 91694 | Zot:5    | Learned a level 5 spell: Summon Mana Viper
 92085 | Zot:5    | Noticed an orb of fire
 92127 | Zot:5    | Gained mutation: Your magical capacity is low. (-10% MP)
                  | [an orb of fire]
 92138 | Zot:5    | Killed an orb of fire
 92787 | Zot:5    | Reached skill level 23 in Fighting
 92854 | Zot:5    | Noticed a dread lich
 92858 | Zot:5    | Killed a dread lich
 92866 | Zot:5    | Noticed an orb of fire
 92902 | Zot:5    | Noticed an orb of fire
 92960 | Zot:5    | Gained mutation: You are dopey. (Int -2) [an orb of fire]
 92971 | Zot:5    | Gained mutation: You sometimes lose the ability to read
                  | scrolls when taking damage. [an orb of fire]
 92978 | Zot:5    | Killed an orb of fire
 92979 | Zot:5    | Lost mutation: You sometimes lose the ability to read
                  | scrolls when taking damage. [potion of mutation]
 92979 | Zot:5    | Lost mutation: Your magical capacity is low. (-10% MP)
                  | [potion of mutation]
 92979 | Zot:5    | Gained mutation: You are frail. (-10% HP) [potion of
                  | mutation]
 92979 | Zot:5    | Gained mutation: You expend magic power (3 MP) to
                  | strengthen your wands. [potion of mutation]
 92980 | Zot:5    | Lost mutation: You are frail. (-10% HP) [potion of
                  | mutation]
 92980 | Zot:5    | Lost mutation: You expend magic power (3 MP) to strengthen
                  | your wands. [potion of mutation]
 92980 | Zot:5    | Lost mutation: You are dopey. (Int -2) [potion of mutation]
 92980 | Zot:5    | Gained mutation: You have hidden genetic defects. [potion
                  | of mutation]
 92980 | Zot:5    | Gained mutation: Your flesh is cold resistant. (rC+)
                  | [potion of mutation]
 92980 | Zot:5    | Gained mutation: Your system is resistant to poisons.
                  | (rPois) [potion of mutation]
 93347 | Zot:5    | Killed an orb of fire
 94344 | Zot:5    | Got the Orb of Zot
 94449 | Zot:1    | Noticed Sauluy the pandemonium lord
 94635 | D:13     | Noticed Xeryec the pandemonium lord
 94927 | D:$      | Escaped with the Orb!

Illustrated notes

Levels and vault maps discovered:
D:1:      amcnicky_arrival_choice, layout_basic,
          dreamdust_ecumenical_altar_drowned_temple
D:2:      layout_basic, uniq_robin
D:3:      gammafunk_steamed_eel, layout_basic
D:4:      layout_cave_pods, uniq_pikel, uniq_blork_the_orc, uniq_eustachio
D:5:      layout_gridville, zin_angel, minmay_temple_entry_stoned_glass,
          uniq_duvessa
D:6:      layout_loops_ring, overflow_temple_1_default,
          mainiacjoe_overflow_alcove_2, grunt_gozag_breadcrumbs,
          nicolae_ru_sacrificial_ziggurat, st_stairs_3, lexackson_kobold_supper,
          uniq_prince_ribbit1
D:7:      layout_basic, serial_shops, shop, ebering_ghost_disaster_area,
          enter_bailey_4, uniq_menkaure, uniq_maggie, uniq_harold
D:8:      layout_gridville, mainiacjoe_overflow_brackets,
          nicolae_sif_muna_condensation, uniq_erica
D:9:      layout_basic, nicolae_yredelemnul_corpse_copse
D:10:     layout_cave_pools, orc_david_3, uniq_joseph
D:11:     layout_loops_ring, erik_lair_orcish_takeover,
          portal_ice_cave_entry_animals_and_master, uniq_erolcha, uniq_gastronok
D:12:     gammafunk_corrupted_shrine, layout_basic, serial_shops,
          nicolae_shop_trees, guppyfry_shop_earth
D:13:     minmay_s_stair_smasher, layout_basic, erik_vaults_1
D:14:     hangedman_cross_veins, layout_cave_pools, small_chamber_with_monster
D:15:     grunt_enter_depths_hoard, layout_basic, minivault_26, serial_shops,
          nicolae_shop_bloodbath_and_beyond
Temple:   nicolae_temple_great_sept
Lair:1:   layout_loops_ring, minivault_19, nicolae_lair_lakeside_cave,
          serial_bayou_shore_b
Lair:2:   layout_roguey [special_room_bee], minmay_shoals_entry_centaurs,
          minivault_24
Lair:3:   dpeg_oklob_gauntlet, layout_gridlike, lemuel_fruit_fields,
          grunt_megastairs_5
Lair:4:   layout_cave_pods, spider_nest_entry_webs,
          nicolae_volcano_entry_s_turn, st_stairs_13,
          grunt_forest_small_clearings, serial_bayou_shore_b,
          infiniplex_staircase_pool_2, uniq_urug
Lair:5:   layout_regular_city, slime_dummy, nicolae_lair_lil_pond,
          hangedman_lair_unloving_vines, kennysheep_snail_temple
Lair:6:   grunt_lair_end_beastmaster, layout_cave_pods,
          nicolae_quartered_pool_little, lemuel_fruit_fields,
          grunt_megastairs_4, lemuel_fruit_fields, lemuel_fruit_tree
Shoals:1: layout_shoals, serial_shops, nicolae_shop_hallway_stairs,
          nicolae_shop_advertising_works [nicolae_subvault_shop_adworks], shop,
          uniq_louise
Shoals:2: layout_shoals
Shoals:3: cheibrodos_shoals_oceanic_diplomacy, layout_shoals, serial_shops,
          nicolae_shop_statue_plus, shop
Shoals:4: shoals_end_hellmonk_storm_palace [storm_palace_center_square,
          storm_palace_corner_narrow, storm_palace_corner_blocked,
          storm_palace_corner_narrow, storm_palace_corner_altar]
Spider:1: layout_chambers, uniq_azrael
Spider:2: layout_chambers, uniq_arachne
Spider:3: layout_spider_delve, nicolae_spider_altar_of_dancing
Spider:4: johnstein_spider_rune_arachne_lair
Orc:1:    nicolae_orc_accident_2, layout_caves
Orc:2:    st_orc_open, layout_caves
Elf:1:    minmay_elf_arrival_plus, layout_gridlike, minmay_elf_necromancy,
          nicolae_elf_variegated_diamond
Elf:2:    nicolae_elf_blades_splatter_lattice
          [nicolae_vaults_blade_armed_guards], layout_gridlike,
          nicolae_elf_big_sculpture_2, lemuel_upstairs_altar
Elf:3:    minmay_elf_hall_dome, layout_loops_corners
Vaults:1: nicolae_vaults_branching_niches, v_misc_29, vaults_room_pools,
          vaults_room_door_hall, v_misc_5, nicolae_vaults_yaktaur_gun_rack,
          v_alt_pattern_2, vaults_room_boxed, nicolae_vaults_asterisk,
          nicolae_vaults_rhombus_5, nicolae_vaults_asterisk,
          grunt_vaults_hallway_short, layout_vaults_omnibox, serial_shops, shop
Vaults:2: gammafunk_ghost_ooze, vaults_dpeg_doors,
          minmay_crypt_entry_simple_statues, hangedman_vaults_snaps, v_misc_14,
          v_misc_31, nicolae_vaults_asterisk, vaults_room_mumra_shop_pool,
          nicolae_vaults_little_squares_2, nicolae_vaults_lopsided_apartments,
          ontoclasm_vaults_pinch, vaults_room_pools,
          ontoclasm_vaults_decontamination, v_misc_22, layout_vaults_maze_bifur,
          enter_trove_0
Vaults:3: mu_enter_wizlab_6, hangedman_vaults_stream, nicolae_vaults_theta,
          v_alt_pattern_2, ontoclasm_vaults_ring_large,
          nicolae_vaults_network_star, v_misc_18, dpeg_vaults_monster_box,
          ontoclasm_vaults_eye, layout_vaults_quadrants, serial_shops, shop
Vaults:4: nicolae_vaults_circle_grid_b, ontoclasm_vaults_claustrophobia,
          v_misc_5, vaults_room_door_hall, vaults_room_pools,
          nicolae_vaults_border_crossing, ontoclasm_vaults_loading_screen,
          vaults_standard_mumra_enter_the_diamond,
          nicolae_vaults_mini_display_case, hangedman_vaults_locks,
          grunt_vaults_diagonal, vaults_dpeg_cross, vaults_room_hallway,
          layout_vaults_omnicross, uniq_margery
Vaults:5: serial_shops
Depths:1: layout_forbidden_donut, grunt_pan_entry_sceptre,
          pf_hell_entry_tar_river, fedhas_altar_4, grunt_megastairs_2,
          infiniplex_staircase_pool_lava
Depths:2: minmay_the_grid_octo_tiled_squarecenter
          [minmay_the_grid_octo_thin_diamonds, minmay_the_grid_octo_horde,
          minmay_the_grid_octo_concentric, minmay_the_grid_octo_teeth,
          minmay_the_grid_square_5x5_megaprize_crossed,
          minmay_the_grid_square_5x5_z, minmay_the_grid_square_5x5_comb,
          minmay_the_grid_square_5x5_tri_point, minmay_the_grid_square_5x5_n],
          layout_gridlike, enter_ziggurat_f, grunt_decor_one_mirror, hell_entry,
          rand_demon_pan_entry_1, nicolae_kikubaaqudgha_miasma_corner,
          infiniplex_staircase_pillars_1
Depths:3: minmay_tri_box, layout_basic, nicolae_hell_entry_hellmouth_sunbeams,
          nicolae_abyss_entry_one_way_or_another, serial_shops, shop,
          infiniplex_staircase_spiral, uniq_enchantress
Depths:4: grunt_zot_entry_tricorne, layout_gridville, hell_entry,
          rand_demon_pan_entry_3, tso_metal_star
Zot:1:    layout_cathedral_of_symmetry, st_small_dragon_hoard_2,
          grunt_ministairs_13, st_stairs_6
Zot:2:    layout_gridlike
Zot:3:    layout_misc_corridors, grunt_megastairs_1
Zot:4:    layout_basic, gammafunk_ghost_tricky_traps
Zot:5:    layout_concentric_octagons, guppyfry_library_mini

Skill      XL: |  1  2  3  4  5  6  7  8  9 10 11 12 13 14 15 16 17 18 19 20 21 22 23 24 25 26 27 |
---------------+----------------------------------------------------------------------------------+-----
Spellcasting   | 5 6 7 8 9 10 11 12 13 14 15 16 17 18 19 | 19.4
Invocations    | 1 2 3 4 5 6 7 8 9 10 11 12 13 14 15 16 17 18 19 20 | 20.4
Short Blades   | 1 2 3 4 5 6 7 8 9 10 11 12 13 14 15 16 17 18 | 18.8
Long Blades    | 1 2 3 4 5 6 7 8 9 10 11 12 13 14 15 16 17 18 | 18.8
Axes           | 1 2 3 4 5 6 7 8 9 10 11 12 13 14 15 16 17 18 | 18.8
Polearms       | 1 2 3 4 5 6 7 8 9 10 11 12 13 14 15 16 17 18 | 18.8
Staves         | 1 2 3 4 5 6 7 8 9 10 11 12 13 14 15 16 17 18 | 18.8
Slings         | 1 2 3 4 5 6 7 8 9 10 11 12 13 14 15 16 17 18 | 18.8
Bows           | 1 2 3 4 5 6 7 8 9 10 11 12 13 14 15 16 17 18 | 18.8
Crossbows      | 1 2 3 4 5 6 7 8 9 10 11 12 13 14 15 16 17 18 | 18.8
Stealth        | 1 2 3 4 5 6 7 8 9 10 11 12 13 14 15 16 17 18 | 18.8
Shields        | 1 2 3 4 5 6 7 8 9 10 11 12 13 14 15 16 17 18 | 18.8
Unarmed Combat | 1 2 3 4 5 6 7 8 9 10 11 12 13 14 15 16 17 18 | 18.8
Evocations     | 1 2 3 4 5 6 7 8 9 10 11 12 13 14 15 16 17 18 20 | 20.3
Conjurations   | 1 2 3 4 5 6 7 8 9 10 11 12 13 14 15 16 | 16.1
Hexes          | 1 2 3 4 5 6 7 8 9 10 11 12 13 14 15 16 | 16.1
Summonings     | 1 2 3 4 5 6 7 8 9 10 11 12 13 14 15 16 | 16.1
Necromancy     | 1 2 3 4 5 6 7 8 9 10 11 12 13 14 15 16 | 16.1
Transmutations | 1 2 3 4 5 6 7 8 9 10 11 12 13 14 15 16 | 16.1
Fire Magic     | 1 2 3 4 5 6 7 8 9 10 11 12 13 14 15 16 | 16.1
Ice Magic      | 1 2 3 4 5 6 7 8 9 10 11 12 13 14 15 16 | 16.1
Air Magic      | 1 2 3 4 5 6 7 8 9 10 11 12 13 14 15 16 | 16.1
Earth Magic    | 1 2 3 4 5 6 7 8 9 10 11 12 13 14 15 16 | 16.1
Poison Magic   | 1 2 3 4 5 6 7 8 9 10 11 12 13 14 15 16 | 16.1
Throwing       | 3 4 5 6 7 8 9 10 11 12 13 14 15 16 17 18 19 | 19.0
Armour         | 3 4 5 6 7 8 9 10 11 12 13 14 15 16 17 18 19 | 19.0
Fighting       | 5 6 7 8 9 10 11 12 13 14 16 17 18 19 20 21 22 23 | 23.4
Maces & Flails | 5 6 7 8 9 10 11 12 13 14 15 16 17 18 19 | 19.3
Dodging        | 5 6 7 8 9 10 11 12 13 14 15 16 17 18 19 | 19.3
Translocations | 6 7 8 9 10 11 12 13 14 15 16 | 16.9

Action                   |  1- 3 |  4- 6 |  7- 9 | 10-12 | 13-15 | 16-18 | 19-21 | 22-24 | 25-27 || total
-------------------------+-------+-------+-------+-------+-------+-------+-------+-------+-------++-------
Melee: Mace              |    19 |    23 |     8 |       |       |       |       |       |       ||    50
       Bite              |     5 |    22 |    36 |   123 |   101 |    87 |    68 |   111 |   120 ||   673
       Whip              |    58 |   115 |   264 |   117 |       |       |       |       |       ||   554
       Punch             |     2 |     5 |     9 |    58 |     9 |       |       |       |       ||    83
       Falchion          |       |    37 |    43 |    38 |       |       |       |       |       ||   118
       Long sword        |       |       |       |   172 |     7 |       |       |       |       ||   179
       Trident           |       |       |       |   427 |   115 |       |       |       |       ||   542
       Dire flail        |       |       |       |       |   796 |   271 |       |       |       ||  1067
       Demon trident     |       |       |       |       |       |   387 |   181 |       |       ||   568
       Eveningstar       |       |       |       |       |       |       |   428 |  1019 |   761 ||  2208
 Fire: Hunting sling     |    77 |    67 |    48 |     2 |       |       |       |       |       ||   194
       Shortbow          |       |       |       |    36 |   309 |   169 |       |       |       ||   514
       Fustibalus        |       |       |       |       |       |    17 |       |       |       ||    17
Throw: Dart              |       |       |    12 |     4 |       |       |       |       |       ||    16
       Stone             |       |       |     1 |       |       |       |       |       |       ||     1
       Boomerang         |       |       |       |    13 |    11 |    51 |    26 |    26 |    55 ||   182
       Throwing net      |       |       |       |       |     2 |       |       |       |       ||     2
       Javelin           |       |       |       |       |       |       |     7 |       |       ||     7
 Cast: Blink             |       |     8 |    12 |     8 |     4 |     4 |     1 |     1 |     7 ||    45
       Poisonous Vapours |       |       |    40 |    78 |    25 |   316 |   279 |   224 |   202 ||  1164
       Teleport Other    |       |       |     6 |     4 |     5 |       |       |       |       ||    15
       Gell's Gravitas   |       |       |    19 |    16 |    18 |    34 |    14 |     2 |     1 ||   104
       Manifold Assault  |       |       |       |     1 |   165 |    39 |    72 |   228 |   141 ||   646
       Ozocubu's Armour  |       |       |       |     1 |    12 |    20 |    17 |    21 |     9 ||    80
       Lesser Beckoning  |       |       |       |     1 |     2 |     2 |       |     7 |     5 ||    17
       Freezing Cloud    |       |       |       |       |       |    13 |       |       |       ||    13
       Ignite Poison     |       |       |       |       |       |   146 |   190 |   133 |   139 ||   608
       Mephitic Cloud    |       |       |       |       |       |    15 |     6 |       |       ||    21
       Airstrike         |       |       |       |       |       |    10 |    58 |     8 |       ||    76
       Death Channel     |       |       |       |       |       |       |     6 |       |       ||     6
       Irradiate         |       |       |       |       |       |       |    19 |    14 |     7 ||    40
       Eringya's Noxious |       |       |       |       |       |       |    14 |    15 |     1 ||    30
       Lee's Rapid Decon |       |       |       |       |       |       |     2 |    31 |     3 ||    36
       Dispel Undead     |       |       |       |       |       |       |     2 |    14 |     4 ||    20
       Sublimation of Bl |       |       |       |       |       |       |       |    39 |    24 ||    63
       Ozocubu's Refrige |       |       |       |       |       |       |       |       |    73 ||    73
       Summon Mana Viper |       |       |       |       |       |       |       |       |     5 ||     5
Invok: Slouch            |       |       |       |     3 |     8 |     5 |     4 |     3 |     3 ||    26
       Step From Time    |       |       |       |       |       |     1 |       |       |       ||     1
Evoke: Wand              |       |       |    16 |     6 |     5 |     1 |       |     3 |     3 ||    34
       Tin of tremorston |       |       |       |       |       |       |       |     4 |       ||     4
       Phantom mirror    |       |       |       |       |       |       |       |     1 |     1 ||     2
       Condenser vane    |       |       |       |       |       |       |       |     1 |     1 ||     2
       Phial of floods   |       |       |       |       |       |       |       |       |     1 ||     1
  Use: Scroll            |       |     2 |     6 |     6 |    25 |     8 |     7 |    14 |    30 ||    98
       Potion            |       |       |     4 |     5 |       |     5 |       |     2 |    21 ||    37
 Stab: Sleeping          |       |       |       |     3 |     3 |     6 |    13 |    16 |     7 ||    48
       Distracted        |       |       |       |     3 |     6 |     5 |     1 |     4 |     7 ||    26
       Petrified         |       |       |       |       |     2 |       |       |       |       ||     2
       Petrifying        |       |       |       |       |     1 |       |       |       |       ||     1
       Invisible         |       |       |       |       |       |     1 |       |       |       ||     1
       Confused          |       |       |       |       |       |     5 |     2 |       |       ||     7
       Held in net/web   |       |       |       |       |       |     1 |       |       |       ||     1
Armor: Leather armour    |    21 |     1 |       |       |       |       |       |       |       ||    22
       Scale mail        |       |    59 |    47 |   140 |     8 |       |       |       |       ||   254
       Ring mail         |       |       |    43 |    25 |       |       |       |       |       ||    68
       Ice dragon scales |       |       |       |   156 |       |       |       |       |    97 ||   253
       Robe              |       |       |       |       |   117 |    44 |     3 |       |       ||   164
       Acid dragon scale |       |       |       |       |    18 |   176 |       |       |       ||   194
       Troll leather arm |       |       |       |       |       |       |    26 |       |       ||    26
       Plate armour      |       |       |       |       |       |       |    68 |   136 |       ||   204
Dodge: Dodged            |    41 |    71 |   186 |   555 |   424 |   657 |   392 |   380 |   537 ||  3243
Block: Other             |       |       |    24 |   194 |   108 |    57 |       |       |       ||   383
       Reflection        |       |       |     1 |     5 |     9 |    18 |    60 |    10 |       ||   103
       Buckler           |       |       |       |       |       |   314 |   304 |   126 |       ||   744
       Kite shield       |       |       |       |       |       |       |   129 |   445 |   636 ||  1210
